 Dungeon Crawl Stone Soup version 0.25-a0-545-ge4db218 (webtiles) character file.

Game seed: 2934140147296585307, levelgen mode: deterministic

37131 DankestMemes the Slinger (level 14, -3/97 HPs)
             Began as a Halfling Hunter on Feb 20, 2020.
             Was the Champion of Zin.
             Slain by a komodo dragon (58 damage)
             ... on level 5 of the Lair of Beasts on Feb 21, 2020.
             The game lasted 02:29:10 (23498 turns).

DankestMemes the Slinger (Halfling Hunter)         Turns: 23498, Time: 02:29:11

Health: -3/97      AC: 22    Str: 25    XL:     14   Next: 27%
Magic:  0/21       EV: 24    Int: 12    God:    Zin [******]
Gold:   1418       SH:  0    Dex: 19    Spells: 13/13 levels left

rFire    . . .     SeeInvis .   a - +2 hunting sling
rCold    x . .     Gourm    +   (shield restricted)
rNeg     + . .     Faith    .   x - +6 scale mail of Slovenliness {rC- rN+ Slay+2}
rPois    ∞         Spirit   +   F - +2 helmet
rElec    .         Reflect  .   z - scarf {Spirit}
rCorr    .         Harm     .   I - +0 pair of gloves
MR       +....                  v - +1 pair of boots
Stlth    +.........             c - amulet of the gourmand
HPRegen  0.26/turn              K - +2 ring of evasion
MPRegen  0.17/turn              w - +5 ring of strength

@: lethally poisoned (-3 -> -3), vitalised, sleeping, marked
A: small, mutation resistance 1
a: Recite, Vitalisation, Imprison, Sanctuary, Donate Gold, Renounce Religion


You were on level 5 of the Lair of Beasts.
You worshipped Zin.
Zin was exalted by your worship.
You were completely stuffed.

You visited 2 branches of the dungeon, and saw 17 of its levels.
You also visited: Ossuary and Bailey.

You collected 1764 gold pieces.
You spent 186 gold pieces at shops.
You donated 160 gold pieces to Zin.

Inventory:

Hand Weapons
 a - a +2 hunting sling (weapon)
 b - a +0 quick blade
Missiles
 d - 68 sling bullets
 g - 170 stones (quivered)
 i - 47 poisoned darts
 j - 3 throwing nets
Armour
 v - a +1 pair of boots (worn)
 x - the +6 scale mail of Slovenliness (worn) {rC- rN+ Slay+2}
   (You found it on level 6 of the Dungeon)

   It affects your accuracy and damage with ranged weapons and melee attacks
   (+2).
   It makes you vulnerable to cold.
   It protects you from negative energy.
   If you remove this armour, your AC will decrease by 15 (22 -> 7).
 z - a scarf of spirit shield (worn)
 F - a +2 helmet (worn)
 I - a +0 pair of gloves (worn)
Jewellery
 c - an amulet of the gourmand (around neck)
 w - a +5 ring of strength (right hand)
 K - a +2 ring of evasion (left hand)
Wands
 s - a wand of iceblast (14)
 u - a wand of digging (5)
 y - a wand of paralysis (20)
Scrolls
 e - 6 scrolls of enchant armour
 h - 6 scrolls of teleportation
 m - 4 scrolls of amnesia
 n - 4 scrolls of magic mapping
 p - 3 scrolls of vulnerability
 q - 5 scrolls of remove curse
 t - 3 scrolls of blinking
 B - 3 scrolls of identify
 C - 2 scrolls of enchant weapon
 E - 2 scrolls of fear
 L - a scroll of fog
Potions
 k - 2 potions of flight
 l - 2 potions of might
 o - 4 potions of curing
 r - 3 potions of cancellation
 H - 2 potions of magic
 J - a potion of brilliance
Comestibles
 f - 30 rations


   Skills:
 + Level 9.3 Fighting
 - Level 8.0 Short Blades
 - Level 12.0 Slings
 + Level 10.5 Armour
 + Level 10.8 Dodging
 - Level 1.1 Stealth
 + Level 10.2 Invocations
 + Level 9.7 Evocations


You had 13 spell levels left.
You didn't know any spells.
Your spell library contained the following spells:

 Spells                   Type           Power        Failure   Level  Hunger
 Apportation              Tloc           #.....       54%         1    ##.....
 Magic Dart               Conj           #...         54%         1    ##.....
 Summon Butterflies       Summ           #.......     54%         1    ##.....
 Searing Ray              Conj           #.....       69%         2    ###....
 Dazzling Flash           Conj/Hex       #.....       89%         3    ####...
 Lesser Beckoning         Tloc           #.........   89%         3    ####...
 Tukima's Dance           Hex            #.......     89%         3    ####...
 Fulminant Prism          Conj/Hex       #.........   100%        4    #####..
 Iskenderun's Mystic Bla  Conj/Tloc      #.......     100%        4    #####..
 Alistair's Intoxication  Tmut/Pois      #.......     100%        5    ######.
 Bolt of Magma            Conj/Fire/Erth #.........   100%        5    ######.
 Iskenderun's Battlesphe  Conj/Chrm      #.......     100%        5    ######.
 Invisibility             Hex            #.......     100%        6    #######
 Iron Shot                Conj/Erth      #.........   100%        6    #######
 Orb of Destruction       Conj           #.........   100%        7    #######
 Spellforged Servitor     Conj/Summ      #.........   100%        7    #######


Dungeon Overview and Level Annotations

Branches:
Dungeon (11/15)            Temple (0/1) D:7            Lair (6/6) D:8
 Shoals (0/4) Lair:3       Spider (0/4) Lair:2          Orc (0/2) D:11
Ossuary (visited)          Bailey (visited)
  Slime: Lair:5-6

Altars:
Ashenzari
Cheibriados
Elyvilon
Fedhas
Gozag
Ru
Trog
Xom
Zin
The Shining One

Shops:
D:4 *   D:5 *   D:9 %   D:11 (

Annotations:
D:4 2 runed translucent doors, Umoon's ghost, amateur VSFi
D:11 2 runed translucent doors


Innate Abilities, Weirdness & Mutations

You are small and have problems with some larger weapons.
You are somewhat resistant to further mutation.


Message History

Ye kill tha dream sheep!
Tha dream sheep barely misses ye.
Evoke which item? (* ta show all) (? fer menu, 'sc ta quit) Aimin': Iceblast
Press: ? - help, Shift-Dir - straight line Tha mass o' ice 'splodes!
Tha iceblast 'ngulfs tha komodo dragon!!
Tha komodo dragon be severely wounded.
Tha iceblast 'ngulfs tha porcupine!!
Ye kill tha porcupine!
Tha dream sheep bites ye but does nay damage.
Tha dream sheep shake thar wool an' sparkle.
Ye feel drowsy...
Ye fall asleep.
Tha dream sheep bites ye but does nay damage.
A death yak comes inta view.
Tha dream sheep bites ye but does nay damage.
Tha komodo dragon misses ye.
Tha dream sheep completely misses ye.
Tha komodo dragon bites ye!!!!
Ouch! Tha re'lly hurt!
Ye die...

#.......# ........#
#...(...## ##†..(...P#
#...(....###
###†(....##.## ####
##.Y......(...###..#
.#(Y@......#..##....P
......l.................
...........=............
......................<.
........................
..Y.....................
.(.......^..............
##..P##.#.P#...##.P#..#.
## ###PP###.#########


You could see a death yak, a komodo dragon and 2 dream sheep.

Vanquished Creatures
  5 hydras
  A two-headed ogre (D:9)
  Nergalle (D:11)
  An unseen horror (D:11)
  An orc knight (D:8)
  A manticore (Lair:3)
  Maurice (D:8)
  2 black mambas (Lair:5)
  6 spiny frogs
  Psyche (D:9)
  Joseph (D:7)
  Maggie (D:7)
  3 rime drakes
  13 komodo dragons
  2 jumping spiders (Lair:2)
  2 trolls (D:10)
  A hornet (D:8)
  17 blink frogs
  8 dream sheep
  5 hippogriffs
  A spriggan (D:10)
  3 wraiths
  29 yaks
  4 basilisks
  Grum (D:11)
  A hungry ghost (D:11)
  Menkaure (D:7)
  2 steam dragons
  20 water moccasins
  Duvessa (D:6)
  6 orc warriors
  8 porcupines
  2 swamp drakes (Lair:6)
  2 ice beasts (D:11)
  2 sky beasts (D:8)
  2 eyes of draining (D:5)
  A necrophage (D:8)
  14 wolves
  An ogre (D:8)
  3 centaurs
  13 crocodiles
  16 bullfrogs
  A wyvern zombie (D:2)
  Dowan (D:6)
  6 scorpions
  4 killer bees (D:10)
  12 wights
  3 electric eels
  8 howler monkeys
  A centaur zombie (Ossuary)
  A bullfrog zombie (D:5)
  5 jellies
  A centaur skeleton (D:4)
  4 hounds
  7 orc priests
  5 iguanas
  10 orc wizards
  8 worker ants
  A hound zombie (D:10)
  A hound skeleton (D:6)
  A mummy (D:7)
  4 worker ant zombies
  9 gnolls
  2 river rats (D:5)
  15 adders
  An ooze (D:3)
  2 adder zombies
  2 adder skeletons
  4 worms
  2 dart slugs
  6 leopard geckos
  49 orcs
  5 giant cockroaches
  6 hobgoblins
  3 jackals (D:1)
  4 quokkas
  2 ball pythons
  4 bats
  5 frilled lizards
  7 goblins
  2 hobgoblin skeletons (Ossuary)
  2 hobgoblin zombies (Ossuary)
  16 kobolds
  2 orc skeletons (Ossuary)
  An orc zombie (Ossuary)
  7 rats
448 creatures vanquished.

Vanquished Creatures (collateral kills)
  An orc knight (Bailey)
  A goblin (Bailey)
2 creatures vanquished.

Vanquished Creatures (others)
  2 orcs
  6 fungi
  4 plants (D:8)
12 creatures vanquished.

Grand Total: 462 creatures vanquished

Notes
Turn   | Place    | Note
-------+----------+-------------------------------------------
     0 | D:1      | DankestMemes the Halfling Hunter began the quest for the
                  | Orb.
     0 | D:1      | Reached XP level 1. HP: 14/14 MP: 1/1
    86 | D:1      | Reached skill level 6 in Slings
    86 | D:1      | Reached XP level 2. HP: 14/19 MP: 2/2
   331 | D:1      | Reached skill level 1 in Armour
   462 | D:1      | Reached XP level 3. HP: 24/24 MP: 3/3
  1158 | D:2      | Reached XP level 4. HP: 29/29 MP: 4/4
  1173 | D:2      | Reached skill level 1 in Evocations
  1342 | D:2      | Reached XP level 5. HP: 19/35 MP: 4/6
  1515 | D:2      | Found a white marble altar of Elyvilon.
  1901 | D:3      | Reached XP level 6. HP: 41/41 MP: 7/7
  1922 | D:3      | Reached skill level 7 in Slings
  2058 | D:3      | Found a glowing silver altar of Zin.
  2091 | D:3      | Became a worshipper of Zin the Law-Giver
  2091 | D:3      | Reached * piety under Zin
  2192 | D:3      | Found a shimmering altar of Xom.
  2193 | D:3      | Found a glowing golden altar of the Shining One.
  3210 | D:4      | Reached skill level 1 in Invocations
  3248 | D:4      | Reached XP level 7. HP: 36/46 MP: 8/8
  3620 | D:4      | Found a blossoming altar of Fedhas.
  3641 | D:4      | Found a runed translucent door.
  3705 | D:4      | Noticed Umoon's ghost (amateur VSFi)
  3835 | D:4      | Found a runed translucent door.
  3842 | D:4      | Found Xooxzopy's Assorted Antiques.
  3851 | D:4      | Bought a scratched moonstone ring for 135 gold pieces
  3851 | D:4      | Bought a fuming inky potion for 24 gold pieces
  3866 | D:4      | Found an opulent altar of Gozag.
  4095 | D:5      | Entered Level 5 of the Dungeon
  4132 | D:5      | Found a bloodstained altar of Trog.
  4279 | D:5      | Found a sand-covered staircase.
  4283 | Ossuary  | Entered an ossuary
  4368 | Ossuary  | Reached ** piety under Zin
  4419 | Ossuary  | Noticed a flying skull
  4419 | Ossuary  | Noticed a wraith
  4430 | Ossuary  | Noticed a flying skull
  4451 | Ossuary  | Noticed a flying skull
  4461 | Ossuary  | Noticed a wraith
  4474 | Ossuary  | Killed a wraith
  4474 | Ossuary  | Reached XP level 8. HP: 16/54 MP: 10/10
  4691 | Ossuary  | Reached skill level 8 in Slings
  4702 | Ossuary  | Noticed a flying skull
  4879 | Ossuary  | Noticed a wraith
  4884 | Ossuary  | Killed a wraith
  4964 | D:5      | Found Loosoe Diops's Assorted Antiques.
  4969 | D:5      | Bought a scroll labeled OCKAEMAQOMP for 27 gold pieces
  5073 | D:5      | Found a shattered altar of Ashenzari.
  5110 | D:5      | Found a bloodstained altar of Trog.
  5118 | D:5      | Reached skill level 5 in Dodging
  5290 | D:5      | Reached XP level 9. HP: 58/58 MP: 12/12
  5941 | D:6      | Reached skill level 9 in Slings
  6044 | D:6      | You fall into a shaft and drop 1 floor!
  6077 | D:7      | Reached skill level 5 in Armour
  6119 | D:7      | Noticed Joseph
  6141 | D:7      | Killed Joseph
  6433 | D:7      | Reached skill level 5 in Fighting
  6515 | D:7      | Found a flagged portal.
  6523 | Bailey   | Entered a bailey
  6836 | Bailey   | Noticed an orc knight
  6839 | Bailey   | Noticed an orc knight
  6861 | Bailey   | Killed an orc knight
  6861 | Bailey   | Reached skill level 5 in Evocations
  6869 | Bailey   | Found an iron altar of Okawaru.
  7368 | D:7      | Found a staircase to the Ecumenical Temple.
  7446 | D:7      | Noticed Menkaure
  7450 | D:7      | Noticed Maggie
  7451 | D:7      | Killed Menkaure
  7451 | D:7      | Reached *** piety under Zin
  7451 | D:7      | Reached XP level 10. HP: 22/66 MP: 13/13
  7489 | D:7      | Killed Maggie
  7489 | D:7      | Reached skill level 5 in Invocations
  7746 | D:7      | Found a snail-covered altar of Cheibriados.
  7755 | D:7      | Reached skill level 10 in Slings
  8404 | D:6      | Got a warped scale mail
  8415 | D:6      | Identified the +6 scale mail of Slovenliness {rC- rN+
                  | Slay+2} (You found it on level 6 of the Dungeon)
  8721 | D:6      | Noticed Dowan
  8721 | D:6      | Noticed Duvessa
  8745 | D:6      | Killed Duvessa
  8748 | D:6      | Killed Dowan
  8776 | D:6      | Reached **** piety under Zin
  9068 | D:8      | Noticed Maurice
  9084 | D:8      | Killed Maurice
  9136 | D:8      | Identified a scroll of acquirement
  9136 | D:8      | Identified the ring "Ochad" {-Tele rPois MP+9 Str+2 Dex+4}
                  | (You acquired it on level 8 of the Dungeon)
  9137 | D:8      | Reached ***** piety under Zin
  9316 | D:8      | Found a sacrificial altar of Ru.
  9370 | D:8      | Paralysed by a hornet for 1 turns
  9497 | D:8      | Killed an orc knight
  9864 | D:8      | Reached XP level 11. HP: 72/72 MP: 15/15
 10027 | D:8      | Reached skill level 11 in Slings
 10869 | D:8      | Found a staircase to the Lair.
 11238 | D:9      | Noticed a two-headed ogre
 11250 | D:9      | Killed a two-headed ogre
 12000 | D:9      | Reached skill level 1 in Short Blades
 12181 | D:9      | Found Aluterik's Food Boutique.
 12436 | D:10     | Entered Level 10 of the Dungeon
 12686 | D:10     | Noticed Psyche
 13344 | D:9      | Killed Psyche
 13415 | D:9      | Found Aluterik's Food Boutique.
 13820 | D:9      | Reached XP level 12. HP: 71/81 MP: 15/17
 13823 | D:9      | Reached skill level 12 in Slings
 14160 | D:10     | Found a glowing golden altar of the Shining One.
 14462 | D:11     | Noticed Nergalle
 14504 | D:11     | Killed Nergalle
 14614 | D:11     | Found a staircase to the Orcish Mines.
 14864 | D:11     | Killed an unseen horror
 15349 | D:11     | Found a runed translucent door.
 15349 | D:11     | Noticed an ice dragon
 15350 | D:11     | Found a runed translucent door.
 15350 | D:11     | Noticed a fire dragon
 15350 | D:11     | Noticed a fire dragon
 15350 | D:11     | Noticed an ice dragon
 15351 | D:11     | Found the +2 shield of Resistance {rF+ rC+ MR+}
 15357 | D:11     | Noticed Grum
 15362 | D:11     | Killed Grum
 15883 | D:11     | Found Tashreg's Weapon Boutique.
 16061 | Lair:1   | Entered Level 1 of the Lair of Beasts
 16730 | Lair:1   | Noticed a four-headed hydra
 16739 | Lair:1   | Killed a four-headed hydra
 16739 | Lair:1   | Reached skill level 5 in Short Blades
 17523 | Lair:1   | Reached XP level 13. HP: 85/88 MP: 19/19
 18024 | Lair:1   | Found the +8 whip "Snakebite" {curare, rPois}
 18478 | Lair:2   | Found a hole to the Spider Nest.
 18892 | Lair:2   | Found a snail-covered altar of Cheibriados.
 19084 | Lair:2   | Reached ****** piety under Zin
 19849 | Lair:3   | Reached skill level 10 in Dodging
 20194 | Lair:3   | Found a staircase to the Shoals.
 20933 | Lair:3   | Noticed a five-headed hydra
 20941 | Lair:3   | Killed a five-headed hydra
 21661 | Lair:4   | Noticed an eight-headed hydra
 21670 | Lair:4   | Killed an eight-headed hydra
 21670 | Lair:4   | Reached skill level 10 in Armour
 22570 | Lair:5   | You fall into a shaft and drop 1 floor!
 22570 | Lair:6   | Entered Level 6 of the Lair of Beasts
 22592 | Lair:6   | Noticed a six-headed hydra
 22612 | Lair:6   | Killed a six-headed hydra
 22750 | Lair:6   | Reached XP level 14. HP: 57/97 MP: 13/21
 22906 | Lair:6   | Reached skill level 10 in Invocations
 23498 | Lair:5   | Slain by a komodo dragon

Levels and vault maps discovered:
D:1:      minmay_arrival_plants_in_alcoves, layout_rooms
D:2:      layout_basic, elyvilon_altar_1, chequers_serial_rivers_micro_a
D:3:      layout_basic, gammafunk_temple_overflow_wave, old_standard_altar,
          st_stairs_4
D:4:      layout_rooms, old_standard_altar, serial_shops, shop, first_ration,
          ebering_ghost_sewer_f, fedhas_altar_3
D:5:      layout_basic, kennysheep_mini, trog_eyes_of_draining,
          cheibrodos_sewer_entry_sluice, enter_ossuary_5, serial_shops,
          nicolae_shop_statue_plus, trog_three_pillars_becter
D:6:      layout_gridville, uniq_duvessa
D:7:      layout_loops_cross, slow_altar_2, minmay_temple_entry_trees,
          enter_bailey_2, uniq_maggie, uniq_menkaure, uniq_joseph
D:8:      layout_loops_ring, nicolae_ru_sacrificial_ziggurat,
          david_lair_generic, serial_bayou, serial_bayou_ford_a,
          serial_bayou_shore_a, serial_bayou_pond_e, serial_bayou_shore_b,
          uniq_maurice
D:9:      layout_long_grid, serial_shops, nicolae_shop_waterfront
D:10:     layout_small_grid, minmay_crystal_water, fungi_pond_lemuel,
          the_bakery, nicolae_tso_carved_into_rock, uniq_psyche
D:11:     layout_roguey, hiddenorc1_lemuel, serial_shops, kennysheep_mini_moat,
          minmay_guarded_unrand_resistance, uniq_grum, uniq_nergalle
Lair:1:   minmay_guarded_unrand_snakebite, layout_hall_layers,
          grunt_megastairs_1
Lair:2:   layout_small_grid, spider_nest_entry_a, basic_altar,
          grunt_megastairs_4
Lair:3:   layout_chaotic_city, minmay_shoals_entry_beasts, lemuel_fruit_tree
Lair:4:   layout_hall_layers
Lair:5:   layout_big_grid, basic_altar, beast_lair_carwin_7
Lair:6:   guppyfry_lair_end_dragon, layout_misc_corridors, wormcave,
          dpeg_slime_entry_enclosed_altar, zaba_anthell

Skill      XL: |  1  2  3  4  5  6  7  8  9 10 11 12 13 14 |
---------------+-------------------------------------------+-----
Slings         | 6 7 8 9 10 11 12 | 12.0
Fighting       | 2 3 4 5 6 7 8 9 |  9.3
Armour         | 1 2 3 4 5 6 8 9 10 | 10.5
Evocations     | 1 2 3 4 5 6 7 8 9 |  9.7
Dodging        | 3 4 5 6 7 8 9 10 | 10.8
Invocations    | 1 2 3 4 6 7 8 9 10 | 10.2
Short Blades   | 3 5 7 8 |  8.0
Stealth        | |  1.1

Action                   |  1- 3 |  4- 6 |  7- 9 | 10-12 | 13-15 || total
-------------------------+-------+-------+-------+-------+-------++-------
Melee: Short sword       |    11 |   138 |    57 |       |       ||   206
       Spear             |       |       |     9 |    68 |       ||    77
       Quick blade       |       |       |       |   435 |   511 ||   946
 Fire: Hunting sling     |    92 |   151 |   373 |   916 |   666 ||  2198
Throw: Stone             |       |     4 |       |       |       ||     4
       Dart              |       |       |    10 |    18 |       ||    28
Invok: Recite            |       |       |     3 |    14 |       ||    17
       Vitalisation      |       |       |       |       |     3 ||     3
Evoke: Wand              |       |       |    22 |    10 |     4 ||    36
  Use: Scroll            |       |       |    15 |    13 |     2 ||    30
       Potion            |       |       |     7 |     6 |     1 ||    14
 Stab: Invisible         |       |       |       |     2 |       ||     2
  Eat: Chunk             |       |     5 |     9 |    38 |    20 ||    72
       Ration            |       |     1 |     1 |     1 |       ||     3
Armor: Leather armour    |     5 |     8 |       |       |       ||    13
       Chain mail        |       |    72 |   103 |    36 |       ||   211
       Scale mail        |       |       |       |   269 |   175 ||   444
Dodge: Dodged            |    28 |   132 |   123 |   477 |   593 ||  1353

Table legend:
 A = Non-vault XP
 B = Vault XP
 C = Vault XP percentage of total XP
 D = Non-vault monster count
 E = Vault monster count
 F = Vault count percentage of total count
                 A         B        C        D         E       F
            +---------+---------+-------+---------+---------+-------
      Total |   40929 |   12116 |  22.8 |     353 |      98 |  21.7
            +---------+---------+-------+---------+---------+-------
        D:1 |      32 |       0 |   0.0 |      18 |       0 |   0.0
        D:2 |     226 |       0 |   0.0 |      24 |       0 |   0.0
        D:3 |     188 |      15 |   7.4 |      26 |       2 |   7.1
        D:4 |     325 |       0 |   0.0 |      17 |       0 |   0.0
        D:5 |     516 |     297 |  36.5 |      14 |       8 |  36.4
        D:6 |     723 |     226 |  23.8 |      22 |       2 |   8.3
        D:7 |     538 |    1024 |  65.6 |      13 |       4 |  23.5
        D:8 |    2409 |    1931 |  44.5 |      28 |       6 |  17.6
        D:9 |    4177 |     434 |   9.4 |      28 |       1 |   3.4
       D:10 |    3011 |     220 |   6.8 |      27 |       1 |   3.6
       D:11 |    2034 |    1471 |  42.0 |      24 |      20 |  45.5
     Lair:1 |    6023 |    1600 |  21.0 |      26 |      10 |  27.8
     Lair:2 |    1827 |     720 |  28.3 |      13 |       3 |  18.8
     Lair:3 |    5261 |     831 |  13.6 |      22 |       2 |   8.3
     Lair:4 |    5438 |       0 |   0.0 |      24 |       0 |   0.0
     Lair:5 |    4153 |       0 |   0.0 |      13 |       0 |   0.0
     Lair:6 |    4048 |    2179 |  35.0 |      14 |      10 |  41.7
    Ossuary |       0 |     663 | 100.0 |       0 |      14 | 100.0
     Bailey |       0 |     505 | 100.0 |       0 |      15 | 100.0
            +---------+---------+-------+---------+---------+-------
